Map: Deathaura LE

Players

Rogue - Winner!

  • Race: Zerg Zerg
  • Spawn Location: 5:00

Cure

  • Race: Terran Terran
  • Spawn Location: 11:00

Event: IEM Katowice 2021

VOD

Have the link to the VOD?

Description

Time

  • Played on: Feb. 25, 2021, 8:35 a.m.
  • Length: 15:01

All games in this series

Show
View Real Time Build Order
Export as new Build Order

Rogue Zerg - Winner!

Build Orders: Hatch First, Muta Ling Bane 

Get SALT Encoding   

  12  0:00  Drone  
  13  0:12  Overlord  
  13  0:16  Drone  
  14  0:30  Drone x2  
  16  0:47  Hatchery  
  15  0:50  Drone  
  15  0:54  Drone  
  17  0:57  Drone  
  18  1:08  Extractor  
  17  1:14  Spawning Pool  
  17  1:17  Drone  
  17  1:20  Drone  
  18  1:28  Drone  
  19  1:38  Drone  
  20  1:49  Drone  
  21  2:00  Queen  
  21  2:01  Zergling x4, Queen  
  27  2:10  Overlord  
  27  2:11  Drone  
  28  2:22  Hatchery  
  27  2:24  Drone  
  27  2:28  Drone  
  29  2:33  Drone  
  29  2:34  Drone  
  31  2:40  Queen  
  33  2:46  Metabolic Boost  
  33  2:50  Overlord  
  33  2:52  Drone  
  33  2:54  Drone  
  33  2:56  Drone  
  36  3:10  Drone x2  
  36  3:11  Drone x3  
  41  3:15  Queen  
  41  3:18  Overlord  
  43  3:20  Drone  
  44  3:34  Queen  
  44  3:35  Drone x4  
  44  3:40  Overlord  
  50  3:45  Overlord  
  50  3:48  Drone x2  
  52  3:49  Drone x4  
  52  3:54  Drone  
  57  3:58  Baneling Nest  
  57  3:59  Zergling x2  
  57  4:05  Zergling x4  
  57  4:06  Queen  
  61  4:11  Drone x2, Queen  
  61  4:16  Overlord  
  65  4:18  Drone x4  
  65  4:23  Drone  
  70  4:30  Lair  
  70  4:32  Overlord  
  70  4:33  Extractor  
  70  4:35  Extractor  
  70  4:36  Zergling x8  
  72  4:38  Drone  
  72  4:39  Drone  
  72  4:43  Spore Crawler  
  73  4:48  Drone  
  73  4:50  Drone  
  73  4:51  Drone x3  
  78  4:57  Drone  
  78  4:59  Drone x2, Spore Crawler  
  80  5:00  Overlord, Drone  
  80  5:01  Drone  
  80  5:05  Extractor  
  80  5:07  Extractor x2  
  80  5:09  Overlord  
  79  5:15  Overlord  
  79  5:18  Overlord  
  79  5:19  Drone x2  
  79  5:20  Drone  
  82  5:24  Hatchery, Overlord  
  81  5:29  Drone  
  81  5:30  Spire  
  81  5:33  Drone x4  
  81  5:34  Drone x4  
  89  5:37  Drone  
  89  5:41  Drone  
  91  5:44  Drone, Spore Crawler  
  87  5:50  Zergling x2  
  87  5:51  Zergling x2  
  87  5:53  Zergling x2  
  85  5:59  Zergling x2  
  85  6:04  Drone  
  85  6:07  Zergling x12  
  85  6:08  Zergling x2  
  85  6:10  Zergling x2  
  94  6:15  Drone x3  
  94  6:16  Drone  
  94  6:17  Drone  
  99  6:23  Drone  
  100  6:28  Drone  
  100  6:31  Drone  
  100  6:32  Evolution Chamber  
  101  6:33  Evolution Chamber, Overlord x3  
  101  6:34  Drone  
  101  6:43  Drone x6  
  105  6:51  Overlord x2  
  105  6:56  Mutalisk x5  
  105  6:58  Zerg Flyer Weapons Level 1  
  105  7:01  Centrifical Hooks  
  112  7:04  Mutalisk x6  
  123  7:10  Mutalisk x2  
  123  7:11  Extractor  
  123  7:15  Zergling x8  
  130  7:17  Drone  
  131  7:29  Drone  
  132  7:30  Hatchery  
  132  7:32  Drone, Zerg Ground Armor Level 1, Zerg Melee Weapons Level 1  
  132  7:33  Drone x5  
  132  7:35  Drone x3  
  132  7:36  Drone x2  
  142  7:42  Extractor, Overlord  
  141  7:44  Pneumatized Carapace  
  141  7:45  Overseer  
  141  7:46  Zergling x10  
  141  7:48  Zergling x4  
  148  7:52  Zergling x2  
  148  7:53  Zergling x2  
  148  7:55  Zergling x6  
  148  7:56  Overlord  
  149  8:05  Mutalisk x5  
  144  8:16  Mutalisk x3  
  145  8:21  Zergling x14  
  145  8:23  Drone  
  152  8:31  Overlord x4  
  152  8:34  Overlord  
  152  8:38  Overseer  
  152  8:40  Baneling x5  
  152  8:41  Baneling x2  
  152  8:46  Drone x5  
  152  8:48  Hatchery, Drone  
  158  8:49  Infestation Pit  
  158  8:52  Drone x4  
  158  8:55  Zergling x12  
  165  8:57  Baneling  
  165  8:58  Baneling x6  
  165  9:02  Hatchery  
  165  9:04  Zergling x2  
  165  9:09  Mutalisk x4  
  162  9:10  Mutalisk x2  
  162  9:16  Drone x3  
  174  9:19  Drone  
  174  9:20  Drone  
  174  9:22  Zergling x2  
  174  9:23  Zergling x16  
  185  9:25  Zergling x4  
  185  9:26  Zergling x4  
  185  9:31  Zergling x2  
  190  9:38  Zerg Ground Armor Level 2  
  190  9:41  Zergling x2, Evolution Chamber  
  190  9:44  Overlord  
  190  9:46  Hive  
  190  9:48  Spore Crawler  
  189  9:54  Zergling x4  
  190  10:00  Baneling x12  
  190  10:01  Drone x6  
  190  10:02  Overlord  
  188  10:14  Burrow, Zerg Melee Weapons Level 2  
  188  10:19  Zergling x24  
  199  10:22  Spore Crawler  
  199  10:27  Zergling x2  
  199  10:28  Zergling x2  
  200  10:33  Zerg Flyer Armor Level 1  
  200  10:34  Mutalisk x3  
  200  10:36  Baneling  
  200  10:37  Baneling x5  
  200  10:43  Baneling  
  200  10:44  Baneling x18  
  200  10:51  Hatchery  
  199  10:58  Zergling x2  
  199  11:02  Adrenal Glands  
  199  11:03  Ultralisk Cavern  
  199  11:04  Drone  
  200  11:07  Extractor  
  200  11:08  Zergling x2  
  200  11:16  Zergling x2  
  193  11:22  Zergling x20  
  195  11:40  Zergling x2  
  195  11:44  Zergling x6  
  199  11:47  Spine Crawler, Baneling x2, Spore Crawler  
  199  11:48  Spine Crawler, Baneling x20  
  199  11:49  Zergling x2, Spine Crawler  
  199  11:50  Zergling x2  
  197  11:54  Baneling x8  
  197  11:55  Baneling x20  
  197  11:58  Zergling x2  
  197  11:59  Zergling x2  
  193  12:11  Chitinous Plating  
  193  12:13  Zergling x2  
  193  12:15  Zergling x8, Extractor  
  194  12:17  Zergling x2  
  194  12:20  Zergling x6  
  194  12:22  Zergling x2  
  197  12:38  Zergling x2  
  197  12:39  Zergling x10  
  197  12:43  Zergling x2  
  196  12:45  Zergling x2  
  187  12:55  Ultralisk x2  
  187  12:57  Zergling x4  
  198  12:59  Zergling x2  
  198  13:05  Zergling x2, Baneling  
  200  13:06  Baneling x9  
  200  13:12  Zergling x10  
  197  13:13  Zergling x2  
  182  13:20  Ultralisk  
  182  13:25  Ultralisk x2  
  194  13:30  Ultralisk  
  194  13:31  Zergling x12  
  194  13:33  Zergling x2  
  198  13:38  Zergling x4  
  199  13:42  Zergling x2  
  199  13:43  Zergling x2, Baneling  
  199  13:44  Baneling x15  
  199  14:01  Overlord  
  199  14:06  Overlord  
  199  14:14  Zergling x2  
  199  14:16  Overlord  
  198  14:20  Zergling x2  
  198  14:22  Zergling x2  
  200  14:27  Zergling x2  
  200  14:29  Zergling x2  
  200  14:30  Drone x5  
  200  14:31  Drone x5  
  197  14:34  Hatchery  
  197  14:36  Zergling x2  
  192  14:39  Zergling x2, Hatchery  
  192  14:40  Zergling x14  
  192  14:41  Zergling x2  
Show
View Real Time Build Order
Export as new Build Order

Cure Terran 

Build Orders: Reaper Expand 

Get SALT Encoding   

  12  0:00  SCV  
  13  0:12  SCV  
  14  0:17  Supply Depot  
  14  0:24  SCV  
  15  0:39  SCV, Barracks  
  15  0:42  Refinery  
  16  0:51  SCV  
  17  1:03  SCV  
  18  1:15  SCV  
  19  1:26  Reaper  
  19  1:27  Orbital Command  
  20  1:38  Command Center  
  20  1:47  Supply Depot  
  20  1:53  SCV  
  21  1:57  Marine  
  22  2:05  SCV  
  23  2:15  Factory  
  23  2:17  SCV  
  23  2:20  Barracks Reactor  
  24  2:29  SCV  
  25  2:41  SCV  
  25  2:42  Command Center  
  26  2:51  Orbital Command  
  26  2:53  SCV  
  26  2:55  Refinery  
  27  3:04  Starport  
  27  3:05  SCV  
  27  3:09  Marine  
  29  3:15  Refinery  
  29  3:18  SCV x2  
  31  3:22  Hellion  
  31  3:24  Hellion  
  35  3:32  SCV x2  
  37  3:40  Fusion Core  
  37  3:44  SCV x2  
  37  3:48  Viking  
  41  3:51  Barracks Tech Lab  
  41  3:54  Orbital Command  
  41  3:56  SCV  
  41  3:57  SCV  
  41  4:00  Hellion  
  45  4:03  Hellion  
  45  4:08  SCV  
  45  4:09  SCV  
  49  4:19  Supply Depot  
  49  4:21  Supply Depot  
  49  4:22  SCV x3  
  52  4:33  Battlecruiser  
  52  4:36  Barracks Tech Lab  
  52  4:37  SCV  
  52  4:38  SCV  
  60  4:39  SCV  
  60  4:45  Hellion x2  
  65  4:53  SCV x3  
  65  4:57  Supply Depot  
  65  4:58  Supply Depot  
  68  5:02  Marine  
  68  5:03  Orbital Command  
  68  5:05  SCV x2  
  71  5:08  Hellion x2  
  71  5:13  Stimpack  
  75  5:17  SCV x2  
  75  5:19  Marine  
  78  5:29  SCV x2  
  78  5:33  SCV  
  78  5:34  Engineering Bay  
  78  5:35  Refinery, Barracks x2, Engineering Bay  
  81  5:37  Marine  
  81  5:39  Factory Reactor  
  81  5:41  SCV  
  81  5:42  SCV  
  84  5:45  SCV  
  85  5:53  SCV  
  85  5:54  SCV  
  85  5:55  Marine  
  88  5:58  SCV  
  88  6:02  Terran Infantry Weapons Level 1, Terran Infantry Armor Level 1  
  89  6:06  SCV x2  
  89  6:10  SCV, Barracks  
  89  6:11  Starport Reactor  
  92  6:12  Barracks  
  92  6:13  Marine  
  93  6:24  Supply Depot  
  93  6:25  Supply Depot x2  
  93  6:26  SCV x3  
  93  6:29  Marine x2  
  93  6:31  Marine  
  99  6:35  Refinery x2  
  99  6:38  SCV x2  
  101  6:40  Command Center  
  101  6:45  SCV, Siege Tank  
  105  6:48  Marine x5  
  105  6:51  SCV x2  
  110  6:54  Command Center  
  110  6:56  Medivac x2  
  110  6:58  SCV  
  111  7:02  Barracks Reactor x2  
  111  7:03  SCV  
  111  7:04  SCV  
  111  7:05  Marine  
  111  7:10  SCV  
  111  7:11  Marine x4  
  111  7:12  Combat Shield  
  111  7:15  SCV, Armory  
  117  7:21  Supply Depot x2  
  117  7:22  Siege Tank  
  120  7:23  Marine  
  120  7:29  Marine x4  
  125  7:36  Factory  
  125  7:37  Missile Turret  
  125  7:38  Missile Turret  
  125  7:40  Missile Turret  
  125  7:42  Marine x3  
  128  7:46  Supply Depot  
  128  7:47  Supply Depot, Marine x5  
  133  7:54  Marine, Siege Tank  
  133  7:57  SCV  
  133  7:58  SCV x2  
  138  8:00  Marine x3  
  138  8:05  Marine x4  
  120  8:12  Medivac x2  
  115  8:15  SCV x3  
  112  8:21  Drilling Claws, Factory Reactor  
  112  8:27  SCV x3  
  114  8:39  SCV x3  
  114  8:40  Missile Turret  
  114  8:41  Thor, Supply Depot  
  117  8:42  Medivac x2  
  117  8:47  Marine x4  
  131  8:51  SCV x2, Missile Turret, Planetary Fortress  
  133  8:57  Barracks Reactor  
  133  8:58  Missile Turret  
  133  9:00  Missile Turret  
  132  9:04  Widow Mine  
  132  9:05  Widow Mine, Marine x2  
  132  9:06  Marine x4  
  138  9:11  SCV x3  
  138  9:12  Missile Turret  
  138  9:13  Missile Turret  
  141  9:17  Medivac x2, Terran Infantry Weapons Level 2  
  141  9:19  Terran Infantry Armor Level 2  
  141  9:24  Thor  
  145  9:30  Barracks  
  151  9:31  Barracks  
  151  9:32  Barracks  
  151  9:37  SCV x3, Barracks  
  151  9:38  Barracks x2, Barracks Reactor  
  151  9:39  Missile Turret  
  151  9:42  SCV, Missile Turret  
  151  9:45  Marine x4, Supply Depot  
  154  9:46  Marauder  
  154  9:48  Widow Mine x2  
  154  9:49  SCV x2, Supply Depot  
  164  9:55  Supply Depot  
  164  9:57  Missile Turret  
  164  10:01  Sensor Tower  
  164  10:06  SCV  
  164  10:07  Marauder  
  164  10:08  Barracks  
  158  10:16  SCV x3, Marine x4  
  156  10:29  Barracks Tech Lab x3  
  156  10:30  Supply Depot  
  156  10:31  Supply Depot  
  156  10:33  Supply Depot  
  156  10:35  Terran Vehicle And Ship Armor Level 1  
  156  10:47  Supply Depot  
  156  10:49  Supply Depot  
  156  10:50  Supply Depot  
  156  10:51  Missile Turret  
  156  10:53  Concussive Shells  
  156  10:55  Marauder x3, Barracks Reactor, Widow Mine  
  164  10:57  Barracks Tech Lab  
  164  11:01  Command Center  
  164  11:08  Marine x3, Supply Depot x2  
  164  11:09  SCV x3, Marauder  
  164  11:11  Thor, Widow Mine  
  180  11:16  Widow Mine  
  176  11:30  Marauder x2, Supply Depot  
  180  11:36  Widow Mine, Marauder  
  175  11:40  Marauder, Marine x3  
  175  11:42  Sensor Tower  
  175  11:44  Supply Depot  
  180  11:47  Terran Infantry Weapons Level 3, Supply Depot  
  180  11:48  Terran Infantry Armor Level 3  
  180  11:52  Sensor Tower  
  180  11:54  Missile Turret  
  180  12:01  SCV x4, Marine x3  
  181  12:13  Thor  
  186  12:18  SCV  
  187  12:25  Supply Depot  
  187  12:27  Supply Depot  
  187  12:41  Supply Depot  
  187  12:45  Supply Depot x2  
  187  12:46  Marine  
  187  12:47  Marauder x3, Marine x2, SCV  
  187  12:49  Marauder x2  
  197  12:55  Command Center  
  191  13:03  Widow Mine x2  
  191  13:04  Medivac  
  191  13:05  Widow Mine  
  196  13:06  Medivac  
  196  13:09  Sensor Tower  
  196  13:10  Marauder  
  198  13:14  Missile Turret  
  198  13:18  Marine x2  
  198  13:19  Marauder x3, Marine x4  
  179  13:25  Widow Mine x2  
  179  13:26  Widow Mine  
  158  13:42  SCV x2  
  156  13:51  Supply Depot x3  
  156  14:01  SCV, Marine  
  156  14:02  Widow Mine  
  156  14:07  Marine x2  
  156  14:08  Marauder, Marine x2  
  156  14:09  Supply Depot  
  156  14:10  Supply Depot  
  156  14:11  Supply Depot  
  156  14:12  Medivac, Marine x3  
  156  14:13  Thor, Marauder  
  165  14:18  Missile Turret  
  165  14:19  Marine  
  166  14:25  Marine  
  166  14:27  Barracks Tech Lab  
  127  14:42  Marine x4  

Tags
 
Add a new tag
Caveats
  • Supply blocks, unpowered buildings, or Contaminate may cause inaccurate times.
  • Supply counts are checked every 10 seconds.